 Dungeon Crawl Stone Soup version 0.24.0-10-g970556be89 (webtiles) character file.

Game seed: 3158627205060768980, levelgen mode: deterministic

28854 McKennaii the Cleaver (level 13, -1/99 HPs)
             Began as a Demonspawn Fighter on Nov 3, 2019.
             Was a High Priest of Makhleb.
             Slain by a polar bear (3 damage)
             ... in an ice cave.
             The game lasted 01:09:47 (15295 turns).

McKennaii the Cleaver (Demonspawn Fighter)         Turns: 15295, Time: 01:09:48

Health: -1/99      AC: 21    Str: 28    XL:     13   Next: 12%
Magic:  20/20      EV:  9    Int:  9    God:    Makhleb [*****.]
Gold:   815        SH: 13    Dex: 16    Spells: 12/12 levels left

rFire    + + .     SeeInvis +   I - +1 hand axe (vamp)
rCold    + . .     Gourm    .   c - +0 shield
rNeg     + . .     Faith    .   C - +3 plate armour
rPois    .         Spirit   .   (helmet unavailable)
rElec    .         Reflect  .   z - scarf {rC+ rF+}
rCorr    .         Harm     .   L - +1 pair of gloves
MR       .....                  h - +0 pair of boots
Stlth    ..........             u - amulet of regeneration
HPRegen  0.66/turn              B - ring of protection from fire
MPRegen  0.17/turn              i - +4 ring of strength

@: mighty
A: antennae 3, demonic guardian 1, negative energy resistance 1, rot immunity
a: Minor Destruction, Lesser Servant of Makhleb, Major Destruction, Greater
Servant of Makhleb, Renounce Religion


You were in an ice cave.
You worshipped Makhleb.
Makhleb was extremely pleased with you.
You were hungry.

You visited 3 branches of the dungeon, and saw 14 of its levels.
You also visited: Sewer, Ossuary and Ice Cave.

You collected 815 gold pieces.

Inventory:

Hand Weapons
 I - a +1 vampiric hand axe (weapon)
Armour
 c - a +0 shield (worn)
 h - a +0 pair of boots (worn)
 z - a scarf of resistance (worn)
 C - a +3 plate armour (worn)
 L - a +1 pair of gloves (worn)
Jewellery
 i - a +4 ring of strength (right hand)
 u - an amulet of regeneration (around neck)
 B - a ring of protection from fire (left hand)
Wands
 l - a wand of random effects (34)
 o - a wand of clouds (3)
 w - a wand of paralysis (1)
 D - a wand of digging (13)
 F - a wand of polymorph (8)
Scrolls
 e - 6 scrolls of teleportation
 g - 4 scrolls of amnesia
 j - 4 scrolls of fear
 k - 3 scrolls of remove curse
 p - 2 scrolls of enchant weapon {unknown}
 q - 2 scrolls of enchant armour {unknown}
 s - 3 scrolls of fog {unknown}
 y - 2 scrolls of random uselessness {unknown}
 A - 15 scrolls of identify
 E - a scroll of magic mapping {unknown}
 H - 3 scrolls of immolation {unknown}
Potions
 a - 2 potions of cancellation {unknown}
 b - a potion of berserk rage {unknown}
 d - 4 potions of might
 m - 2 potions of magic
 n - 2 potions of resistance
 r - 3 potions of lignification
 t - 3 potions of brilliance
 v - 2 potions of degeneration {unknown}
 x - 3 potions of curing
 J - 2 potions of flight {unknown}
Comestibles
 f - 28 rations


   Skills:
 + Level 8.6 Fighting
 + Level 11.5 Axes
 + Level 9.2 Armour
 + Level 3.9 Dodging
 + Level 3.3 Stealth
 + Level 9.8 Shields
 + Level 0.3 Unarmed Combat
 * Level 10.4 Invocations
 + Level 1.0 Evocations


You had 12 spell levels left.
You didn't know any spells.
Your spell library contained the following spells:

 Spells                   Type           Power        Failure   Level  Hunger
 Magic Dart               Conj           #...         100%        1    ##.....
 Sting                    Conj/Pois      #...         100%        1    ##.....
 Blink                    Tloc           N/A          100%        2    ###....
 Call Imp                 Summ           #.......     100%        2    ###....
 Poisonous Vapours        Pois/Air       #.....       100%        2    ###....
 Slow                     Hex            #.......     100%        2    ###....
 Conjure Flame            Conj/Fire      #.......     100%        3    ####...
 Mephitic Cloud           Conj/Pois/Air  #.......     100%        3    ####...
 Olgreb's Toxic Radiance  Pois           #.......     100%        4    #####..
 Venom Bolt               Conj/Pois      #.........   100%        5    ######.


Dungeon Overview and Level Annotations

Branches:
Dungeon (12/15)            Temple (1/1) D:7            Lair (1/6) D:8
    Orc (0/2) D:9           Sewer (visited)         Ossuary (visited)
  IceCv (1/1)

Altars:
Ashenzari
Cheibriados
Dithmenos
Elyvilon
Fedhas
Gozag
Hepliaklqana
Kikubaaqudgha
Makhleb
Nemelex Xobeh
Okawaru
Qazlal
Ru
Sif Muna
Trog
Uskayaw
Vehumet
Wu Jian
Xom
Yredelemnul
Zin
The Shining One

Annotations:
D:10 exclusion: orange crystal statue
D:12 Azrael


Innate Abilities, Weirdness & Mutations

You have a pair of large antennae on your head. (SInv)
A weak demonic guardian rushes to your aid.
You resist negative energy. (rN+)
You are immune to rotting.


Message History

The polar bear bites you but does no damage.
The polar bear claws you but does no damage. x2
You hit the death yak.
The death yak is heavily wounded.
You hit the polar bear.
You feel better.
You hit the wolf but do no damage. You hit the polar bear.
You block the wolf's attack. You block the polar bear's attack.
The polar bear claws you but does no damage.
The polar bear closely misses you.
Your iron imp hits the polar bear!
The wolf bites you!
* * * LOW HITPOINT WARNING * * *
You slash the death yak!
The death yak is heavily wounded.
You hit the polar bear. You hit the wolf.
Your plate armour prevents you from hitting the polar bear.
Your iron imp disappears in a puff of smoke!
The death yak gores you!!
* * * LOW HITPOINT WARNING * * *
You block the polar bear's attack. x2; The polar bear claws you.
You die...

##.##.#
#..#..#
##.##.##
#..#.##
###
#.##.##
##.##
##.##.#
##5ยง.#
#.#.##
##Yh#.#
##...#
#hh@#.##
#.#.#
#.h###.#
###.##
#...
##.#
##.#
#...#
#..#
##.#
#..#
#..#
#..#
#...
#.##
#.##
#...
#..##
#.## ...
##..#
##.#
#..#
##.#


You could see a death yak, 3 polar bears, a wolf and a friendly quasit.

Vanquished Creatures
  Erolcha (D:12)
  Fannar (D:10)
  A hydra (D:8)
  Erica (D:8)
  A death yak (IceCv)
  2 two-headed ogres (D:12)
  The ghost of icedog the Archer, a novice CeHu (D:6)
  An ugly thing (D:12)
  Pikel (D:6)
  An ice statue (IceCv)
  A gargoyle (D:12)
  3 rime drakes (Lair:1)
  A komodo dragon (Lair:1)
  9 polar bears (IceCv)
  2 hornets
  2 trolls
  3 hippogriffs
  27 yaks
  A shadow (D:11)
  A vampire (D:12)
  A wyvern (D:11)
  4 fire elementals (D:12)
  Eustachio (D:6)
  Grum (D:11)
  A basilisk (Lair:1)
  2 hungry ghosts
  An acid dragon (D:11)
  2 hell hounds (D:12)
  5 orc warriors
  2 water moccasins
  A porcupine (Lair:1)
  7 ice beasts
  2 black bears
  A slave (D:6)
  3 sky beasts
  2 ogres
  3 phantoms
  16 wolves
  2 crocodiles
  5 centaurs
  3 big kobolds
  8 bullfrogs
  A scorpion (D:10)
  8 killer bees
  5 wights
  A howler monkey (D:6)
  5 crimson imps
  4 hounds
  A bullfrog zombie (D:9)
  4 orc priests
  5 orc wizards
  Crazy Yiuf (D:7)
  2 centaur skeletons
  2 jellies
  3 iguanas
  A bullfrog skeleton (D:5)
  6 worker ants
  7 big kobold zombies (Ossuary)
  2 hound zombies
  A mummy (Ossuary)
  A hound skeleton (D:4)
  2 worker ant zombies
  6 gnolls
  2 howler monkey skeletons
  15 adders
  4 shadow imps
  An adder zombie (D:9)
  2 adder skeletons (D:7)
  8 worms
  A dart slug (D:1)
  3 leopard geckos
  61 orcs
  4 spectral bats (Ossuary)
  2 giant cockroaches
  5 gnoll zombies (Ossuary)
  4 goblins
  7 hobgoblins
  13 jackals
  3 quokkas
  4 ball pythons
  9 bats
  5 bat simulacra (Ossuary)
  6 frilled lizards
  4 goblin simulacra (Ossuary)
  4 goblin zombies (Ossuary)
  4 hobgoblin zombies (Ossuary)
  A jackal skeleton (D:7)
  10 kobolds
  3 kobold simulacra (Ossuary)
  3 kobold zombies (Ossuary)
  7 orc zombies (Ossuary)
  4 rats
  2 rat simulacra (Ossuary)
  5 spectral goblins (Ossuary)
  A spectral kobold (Ossuary)
  4 spectral rats (Ossuary)
413 creatures vanquished.

Vanquished Creatures (collateral kills)
  A two-headed ogre (D:8)
  3 ugly things
  A black mamba (Lair:1)
  2 gargoyles (D:10)
  3 spiny frogs (Lair:1)
  2 komodo dragons
  2 polar bears (IceCv)
  Prince Ribbit (D:7)
  A slime creature (D:12)
  2 dream sheep (D:8)
  4 hippogriffs
  A shadow (D:12)
  A yak (IceCv)
  A hungry ghost (D:7)
  Menkaure (D:7)
  A hell hound (D:12)
  2 water moccasins
  2 orc warriors
  An ice beast (D:7)
  A black bear (D:10)
  A sky beast (D:11)
  5 wolves
  3 centaurs
  A big kobold (D:8)
  2 bullfrogs (D:7)
  A scorpion (D:7)
  2 killer bees (D:7)
  4 wights
  A lava snake (D:10)
  A jelly (D:5)
  An orc priest (D:8)
  4 orc wizards
  2 worker ants
  A worker ant zombie (D:5)
  7 gnolls (D:3)
  An adder skeleton (D:5)
  4 orcs
  A ball python (D:3)
  A giant cockroach (D:6)
  A kobold (D:10)
77 creatures vanquished.

Vanquished Creatures (others)
  A wolf (IceCv)
  A wyvern skeleton (D:12)
  14 plants (D:8)
16 creatures vanquished.

Grand Total: 506 creatures vanquished

Notes
Turn   | Place    | Note
-------+----------+-------------------------------------------
     0 | D:1      | McKennaii the Demonspawn Fighter began the quest for the
                  | Orb.
     0 | D:1      | Reached XP level 1. HP: 18/18 MP: 1/1
   224 | D:1      | Gained mutation: You have a pair of small antennae on your
                  | head. [demonic ancestry]
   224 | D:1      | Reached XP level 2. HP: 21/24 MP: 2/2
   411 | D:2      | Reached skill level 2 in Axes
   429 | D:2      | Found a faded altar of an unknown god.
   627 | D:2      | Reached XP level 3. HP: 10/29 MP: 3/3
  1443 | D:3      | Reached skill level 1 in Dodging
  1467 | D:3      | Gained mutation: A weak demonic guardian rushes to your
                  | aid. [demonic ancestry]
  1467 | D:3      | Reached XP level 4. HP: 32/35 MP: 4/4
  1888 | D:3      | Noticed a bullfrog
  1894 | D:3      | Killed a bullfrog
  1894 | D:3      | Reached skill level 3 in Axes
  1894 | D:3      | Gained mutation: You have a pair of antennae on your head.
                  | [demonic ancestry]
  1894 | D:3      | Reached XP level 5. HP: 33/41 MP: 5/5
  2233 | D:4      | Found a snail-covered altar of Cheibriados.
  2308 | D:4      | Found a glowing drain.
  2318 | Sewer    | Entered a sewer
  2354 | Sewer    | Reached XP level 6. HP: 43/47 MP: 6/6
  3508 | D:5      | Entered Level 5 of the Dungeon
  3538 | D:5      | Gained mutation: You are immune to rotting. [demonic
                  | ancestry]
  3538 | D:5      | Reached XP level 7. HP: 28/53 MP: 7/7
  3679 | D:5      | Reached skill level 4 in Axes
  4254 | D:6      | Noticed icedog's ghost (novice CeHu)
  4256 | D:6      | Noticed Eustachio
  4367 | D:6      | Killed Eustachio
  4567 | D:6      | Reached skill level 5 in Axes
  4567 | D:6      | Gained mutation: You have a pair of large antennae on your
                  | head. (SInv) [demonic ancestry]
  4567 | D:6      | Reached XP level 8. HP: 60/60 MP: 8/8
  4597 | D:6      | Noticed Pikel
  4618 | D:6      | Killed Pikel
  4618 | D:6      | Reached skill level 6 in Axes
  4618 | D:6      | Reached skill level 5 in Armour
  4618 | D:6      | Reached skill level 1 in Stealth
  4618 | D:6      | Reached skill level 5 in Shields
  4737 | D:6      | Found a runed translucent gate.
  4737 | D:6      | Found a runed translucent gate.
  4737 | D:6      | Found a runed translucent gate.
  5190 | D:7      | Noticed Prince Ribbit
  5352 | D:7      | Reached skill level 5 in Fighting
  5363 | D:7      | Reached XP level 9. HP: 35/68 MP: 9/9
  5443 | D:7      | Reached skill level 7 in Axes
  5466 | D:7      | Killed Prince Ribbit
  5822 | D:7      | Found a staircase to the Ecumenical Temple.
  5837 | Temple   | Entered the Ecumenical Temple
  5860 | Temple   | Became a worshipper of Makhleb the Destroyer
  6112 | D:7      | Noticed Menkaure
  6117 | D:7      | Killed Menkaure
  6429 | D:7      | Found a runed translucent door.
  6430 | D:7      | Noticed Crazy Yiuf
  6441 | D:7      | Killed Crazy Yiuf
  6693 | D:8      | Reached skill level 8 in Axes
  6705 | D:8      | Found a sand-covered staircase.
  6706 | D:8      | Noticed Erica
  6731 | D:8      | Killed Erica
  6862 | D:8      | Reached XP level 10. HP: 76/76 MP: 10/10
  6922 | Ossuary  | Entered an ossuary
  6938 | Ossuary  | Reached * piety under Makhleb
  7083 | Ossuary  | Reached ** piety under Makhleb
  7672 | D:8      | Found a staircase to the Lair.
  7683 | D:8      | Reached skill level 1 in Invocations
  7875 | D:8      | Reached skill level 9 in Axes
  7893 | D:8      | Noticed a three-headed hydra
  7960 | D:8      | Killed a three-headed hydra
  7960 | D:8      | Reached skill level 1 in Evocations
  8090 | D:8      | Reached *** piety under Makhleb
  8399 | D:8      | Noticed a two-headed ogre
  8471 | D:8      | Noticed a smoke demon
  8488 | D:8      | Killed a two-headed ogre
  8700 | D:8      | HP: 3/76 [orc warrior/boomerang (9)]
  8880 | D:8      | Reached skill level 5 in Invocations
  9086 | D:9      | Found a staircase to the Orcish Mines.
  9780 | D:9      | Reached **** piety under Makhleb
  9866 | D:10     | Entered Level 10 of the Dungeon
  9922 | D:10     | Reached XP level 11. HP: 79/83 MP: 15/15
  9933 | D:10     | Noticed a red ugly thing
  9982 | D:10     | Killed a red ugly thing
 10073 | D:10     | Noticed an orange crystal statue
 10191 | D:10     | Noticed Fannar
 10252 | D:10     | Killed Fannar
 11085 | D:6      | Killed icedog's ghost
 11657 | D:11     | Reached skill level 10 in Axes
 11942 | D:11     | Noticed Grum
 11970 | D:11     | Killed Grum
 12205 | D:11     | Noticed a brown ugly thing
 12229 | D:11     | Killed a brown ugly thing
 12241 | D:11     | Found a stormy altar of Qazlal.
 12288 | D:11     | Paralysed by a hornet for 3 turns
 12673 | D:12     | Noticed Erolcha
 12700 | D:12     | Killed Erolcha
 12812 | D:12     | Noticed Azrael
 12857 | D:12     | Noticed a cyan ugly thing
 12872 | D:12     | Gained mutation: You resist negative energy. (rN+) [demonic
                  | ancestry]
 12872 | D:12     | Reached XP level 12. HP: 89/91 MP: 18/18
 13122 | D:12     | Noticed a two-headed ogre
 13122 | D:12     | Noticed a two-headed ogre
 13134 | D:12     | Killed a two-headed ogre
 13151 | D:12     | Killed a two-headed ogre
 13544 | Lair:1   | Entered Level 1 of the Lair of Beasts
 13664 | Lair:1   | Reached skill level 11 in Axes
 13865 | Lair:1   | Reached ***** piety under Makhleb
 14010 | Lair:1   | Found a frozen archway.
 14036 | IceCv    | Entered an ice cave
 14192 | IceCv    | Noticed a death yak
 14244 | IceCv    | Killed a death yak
 14258 | IceCv    | Reached skill level 10 in Invocations
 14486 | IceCv    | Reached XP level 13. HP: 99/99 MP: 20/20
 15295 | IceCv    | HP: 2/99 [death yak (20)]
 15295 | IceCv    | Slain by a polar bear

Levels and vault maps discovered:
D:1:      dpeg_arrival_windows_large_door, layout_basic
D:2:      layout_loops_ring, chequers_ecumenical_altar_island, first_ration
D:3:      layout_basic, hangedman_decor_slide_cut
D:4:      layout_basic, lemuel_round_altar, cheibrodos_sewer_entry_bend
D:5:      layout_basic
D:6:      kennysheep_orc_sif_temple, layout_loops_cross, gammafunk_ghost_split,
          kennysheep_generic_room_5, uniq_pikel, uniq_eustachio
D:7:      layout_loops_cross, minmay_temple_entry_antechambers, sigmund_army,
          uniq_menkaure, uniq_crazy_yiuf_cottage, uniq_prince_ribbit1
D:8:      layout_loops_ring, david_lair_shrubbed,
          lightli_ossuary_entry_decrepit_ruins, hangedman_ranch
          [blue_anna_fruit_fields], kennysheep_small_square, uniq_erica
D:9:      layout_roguey, orc_david_3, special_room [special_room_orc]
D:10:     layout_roguey, kennysheep_decorative_pillar, disabler_island,
          uniq_fannar
D:11:     layout_rooms, nicolae_qazlal_style_of_elements, uniq_grum
D:12:     layout_roguey, drop_trap, uniq_azrael, uniq_erolcha
Temple:   nicolae_temple_the_god_donut
Lair:1:   layout_roguey, portal_ice_cave_rime, beast_lair_carwin_8,
          grunt_megastairs_3
IceCv:    ice_cave_caverns_01

Skill      XL: |  1  2  3  4  5  6  7  8  9 10 11 12 |
---------------+-------------------------------------+-----
Axes           | 2 3 5 6 8 9 10 11 | 11.5
Shields        | 3 4 5 6 7 8 9 |  9.8
Armour         | 3 4 5 6 7 8 9 |  9.2
Dodging        | 1 2 3 |  3.9
Fighting       | 4 5 6 7 8 |  8.6
Stealth        | 1 2 3 |  3.3
Invocations    | 5 8 10 | 10.4
Evocations     | 1 |  1.0
Unarmed Combat | |  0.3

Action                   |  1- 3 |  4- 6 |  7- 9 | 10-12 | 13-15 || total
-------------------------+-------+-------+-------+-------+-------++-------
Melee: War axe           |   142 |   169 |   307 |       |       ||   618
       Unarmed           |       |       |    17 |       |       ||    17
       Hand axe          |       |       |    32 |  1957 |   236 ||  2225
Invok: Minor Destruction |       |       |       |    20 |       ||    20
       Lesser Servant of |       |       |       |    14 |       ||    14
Evoke: Wand              |       |     1 |     3 |    11 |       ||    15
  Use: Potion            |       |     9 |     1 |     4 |     1 ||    15
       Scroll            |       |     2 |     8 |     2 |     1 ||    13
 Stab: Distracted        |       |       |     3 |    15 |     3 ||    21
  Eat: Chunk             |     2 |     7 |    14 |    25 |     3 ||    51
       Ration            |       |       |       |     2 |       ||     2
Armor: Scale mail        |   105 |    74 |    17 |       |       ||   196
       Chain mail        |       |       |   125 |   139 |       ||   264
       Skin              |       |       |     2 |       |       ||     2
       Plate armour      |       |       |       |   652 |   205 ||   857
Dodge: Dodged            |    61 |    56 |   164 |   480 |   110 ||   871
Block: Shield            |    96 |   113 |   228 |  1049 |   206 ||  1692
